 Dungeon Crawl Stone Soup version 0.19.0-2-gae57169 (webtiles) character file.

8383 nikopol the Spear-Bearer (level 11, 0/151 HPs)
             Began as a Minotaur Berserker on Nov 6, 2016.
             Was a High Priest of Trog.
             Succumbed to a spiny frog's poison
             ... on level 1 of the Lair of Beasts.
             The game lasted 00:25:54 (7066 turns).

nikopol the Spear-Bearer (Minotaur Berserker)       Turns: 7066, Time: 00:25:56

Health: 0/151      AC: 13    Str: 27    XL:     11   Next: 9%
Magic:  10/10      EV: 14    Int:  4    God:    Trog [*****.]
Gold:   433        SH:  0    Dex: 13    Spells: 0 memorised, 10 levels left

rFire  . . .     SeeInvis .     a - +0 trident
rCold  . . .     Gourm    .     q - +0 chain mail
rNeg   . . .     Faith    .     (no shield)
rPois  .         Spirit   .     (helmet restricted)
rElec  .         Reflect  .     (no cloak)
rCorr  .         Harm     .     U - +0 pair of gloves
MR     .....     Rnd*Tele +     (no boots)
Stlth  ..........               O - amulet of regeneration
                                M - ring of loudness (curse)
                                h - ring of teleportation (curse)

@: berserking (expiring), lethally poisoned (0 -> -4), very quick
A: retaliatory headbutt, horns 2
a: Berserk, Trog's Hand, Brothers in Arms, Burn Spellbooks, Renounce Religion


You were on level 1 of the Lair of Beasts.
You worshipped Trog.
Trog was extremely pleased with you.
You were hungry.

You visited 2 branches of the dungeon, and saw 10 of its levels.

You collected 433 gold pieces.

Inventory:

Hand Weapons
 a - a +0 trident (weapon)
 r - a +0 spear
 z - a +1 shortbow
 V - a +5 halberd
 W - a +5 spear
Missiles
 u - 161 arrows (quivered)
Armour
 b - a +0 animal skin
 q - a +0 chain mail (worn)
 L - a +1 ring mail of cold resistance
 U - a +0 pair of gloves (worn)
Rods
 v - a +0 rod of inaccuracy (9/9)
   (You found it on level 1 of the Lair of Beasts)
Jewellery
 f - an uncursed ring of resist corrosion
 h - a cursed ring of teleportation (left hand)
 o - a +3 ring of slaying
 t - an uncursed ring of stealth
 J - an uncursed ring of protection from cold
 M - a cursed ring of loudness (right hand)
 O - an amulet of regeneration (around neck)
Wands
 N - a wand of lightning (3/15)
Scrolls
 e - a scroll of identify
 i - 2 scrolls of random uselessness {unknown}
 k - 3 scrolls of enchant weapon
 l - 4 scrolls of amnesia
 m - 2 scrolls of teleportation
 n - 2 scrolls of immolation {unknown}
 s - 2 scrolls of noise {unknown}
 y - 2 scrolls of magic mapping {unknown}
 C - 2 scrolls of blinking {unknown}
 F - a scroll of fog {unknown}
 G - a scroll of vulnerability {unknown}
 I - 3 scrolls of recharging {unknown}
 Q - a scroll of remove curse {unknown}
 S - a scroll of enchant armour {unknown}
Potions
 d - a potion of cancellation
 g - 2 potions of berserk rage
 p - 4 potions of brilliance
 w - a potion of haste
 A - a potion of cure mutation
 D - 4 potions of might
 H - a potion of flight
 K - a potion of heal wounds
 R - a potion of agility
 X - 2 potions of curing
Comestibles
 c - 5 bread rations
 j - 3 beef jerkies
 B - 13 fruits
 E - 3 meat rations
 Y - a royal jelly


   Skills:
 + Level 10.5 Fighting
 * Level 10.8 Polearms
 * Level 3.3 Bows
 + Level 10.6 Armour
 + Level 9.4 Dodging


You had 10 spell levels left.
You didn't know any spells.

Dungeon Overview and Level Annotations

Branches:
Dungeon (9/15)             Temple (0/1) D:4            Lair (1/6) D:9
    Orc: D:9-12

Altars:
Fedhas
Hepliaklqana
Kikubaaqudgha
Qazlal
Zin


Innate Abilities, Weirdness & Mutations

You reflexively headbutt those who attack you in melee.
You have a pair of horns on your head.


Message History

You are feeling hungry.
The spiny frog completely misses you.
You hit the spiny frog.
The spiny frog is severely wounded.
The spiny frog closely misses you.
You puncture the spiny frog!
The spiny frog is almost dead.
The spiny frog stings you!
* * * LOW HITPOINT WARNING * * *
You are lethally poisoned!
The spiny frog poisons you!
You puncture the spiny frog!
You kill the spiny frog!
Trog accepts your kill.
* * * LOW HITPOINT WARNING * * *
You feel sick.
* * * LOW HITPOINT WARNING * * *
You feel sick.
You feel a strong urge to attack something.
You die...

..... #.....# ######
....... # 8 ....(
#....... .# .. .
#...#........ .#8.>
#.. #...........#
.....
..(.##.#?##...# ..#
..#.(.........# .#
#+#.#....((.†@.###.#
##.....#..#.####.##
....8....## ###.#
.........### #.#†#
.8..>..8...###...#
...........#.#.###
....8........#.#
.#.....#.......#
..........8..###


There were no monsters in sight!

Vanquished Creatures
  Erolcha (D:9)
  Erica (D:8)
  The ghost of puimuR the Basher, a novice GrEn of Makhleb (D:9)
  A black mamba (Lair:1)
  3 spiny frogs (Lair:1)
  Prince Ribbit (D:7)
  Grinder (D:3)
  A hippogriff (Lair:1)
  A wyvern (D:8)
  4 yaks (Lair:1)
  The ghost of feelmyfire the Chopper, an amateur MiFi (D:4)
  A hungry ghost (D:9)
  Edmund (D:6)
  A porcupine (Lair:1)
  2 black bears
  2 sky beasts
  2 centaurs
  5 ogres
  2 phantoms
  A crocodile (D:9)
  A big kobold (D:8)
  7 bullfrogs
  A scorpion (D:5)
  6 killer bees (D:9)
  5 wights (D:8)
  A vampire bat (D:5)
  5 howler monkeys
  4 crimson imps
  A bullfrog zombie (D:6)
  2 hounds
  A jelly (D:8)
  An orc wizard (D:6)
  7 orc priests
  A centaur skeleton (D:7)
  4 iguanas
  9 worker ants
  A hound zombie (D:9)
  2 hound skeletons
  A howler monkey zombie (D:8)
  A river rat (D:9)
  9 adders
  3 shadow imps
  An ooze (D:2)
  3 worms
  A dart slug (D:1)
  A leopard gecko (D:5)
  20 orcs
  16 bats
  2 giant cockroaches
  7 goblins
  4 hobgoblins
  8 jackals
  4 quokkas
  4 frilled lizards
  14 kobolds
  A leopard gecko zombie (D:6)
  A quokka zombie (D:7)
  7 rats
  A fungus (D:9)
  2 plants (D:9)
203 creatures vanquished.

Vanquished Creatures (others)
  9 fungi (D:9)
  A plant (D:9)
10 creatures vanquished.

Grand Total: 213 creatures vanquished

Notes
Turn   | Place    | Note
-------+----------+-------------------------------------------
     0 | D:1      | nikopol the Minotaur Berserker began the quest for the Orb.
     0 | D:1      | Reached XP level 1. HP: 19/19 MP: 0/0
   174 | D:1      | Reached XP level 2. HP: 23/27 MP: 1/1
   635 | D:2      | Reached XP level 3. HP: 33/33 MP: 2/2
   792 | D:2      | Reached ** piety under Trog
  1101 | D:3      | You fall through a shaft for 3 floors!
  1114 | D:6      | Reached XP level 4. HP: 41/41 MP: 3/3
  1295 | D:6      | Reached XP level 5. HP: 45/47 MP: 4/4
  1347 | D:5      | Entered Level 5 of the Dungeon
  1403 | D:5      | Found an ancient bone altar of Kikubaaqudgha.
  1581 | D:4      | Reached skill level 5 in Fighting
  1581 | D:4      | Reached skill level 5 in Polearms
  1620 | D:4      | Reached XP level 6. HP: 39/56 MP: 5/5
  1886 | D:3      | Noticed Grinder
  1892 | D:3      | Paralysed by Grinder for 4 turns
  1902 | D:3      | Killed Grinder
  1902 | D:3      | Reached skill level 5 in Armour
  1902 | D:3      | Reached XP level 7. HP: 34/61 MP: 6/6
  2141 | D:3      | Reached *** piety under Trog
  2484 | D:4      | Noticed feelmyfire's ghost (amateur MiFi)
  2491 | D:4      | Killed feelmyfire's ghost
  2605 | D:4      | Reached skill level 5 in Dodging
  2674 | D:4      | Found a glowing silver altar of Zin.
  2817 | D:4      | Found a staircase to the Ecumenical Temple.
  3373 | D:5      | Reached XP level 8. HP: 56/71 MP: 7/7
  3629 | D:6      | Noticed an air elemental
  3683 | D:6      | Found a stormy altar of Qazlal.
  3790 | D:6      | Noticed Edmund
  3797 | D:6      | Killed Edmund
  4537 | D:7      | Reached **** piety under Trog
  4695 | D:7      | Noticed Prince Ribbit
  4708 | D:7      | Reached XP level 9. HP: 81/81 MP: 8/8
  4713 | D:7      | Killed Prince Ribbit
  4906 | D:7      | Found a blossoming altar of Fedhas.
  5310 | D:9      | Found a staircase to the Lair.
  5321 | D:9      | Noticed puimuR's ghost (novice GrEn)
  5343 | D:9      | Killed puimuR's ghost
  5531 | D:9      | Noticed Erolcha
  5538 | D:9      | Killed Erolcha
  5538 | D:9      | Reached XP level 10. HP: 60/91 MP: 9/9
  5636 | D:8      | Reached ***** piety under Trog
  5712 | D:8      | Noticed Erica
  5721 | D:8      | Killed Erica
  5721 | D:8      | Reached skill level 10 in Armour
  5780 | D:8      | Reached skill level 10 in Fighting
  5802 | D:8      | Reached skill level 10 in Polearms
  5845 | D:8      | Found a hazy altar of Hepliaklqana.
  6658 | Lair:1   | Entered Level 1 of the Lair of Beasts
  6676 | Lair:1   | Reached skill level 1 in Bows
  6719 | Lair:1   | Noticed a black mamba
  6728 | Lair:1   | Killed a black mamba
  6917 | Lair:1   | Noticed a spiny frog
  6927 | Lair:1   | Killed a spiny frog
  6927 | Lair:1   | Reached XP level 11. HP: 36/101 MP: 10/10
  7063 | Lair:1   | HP: 3/151 [spiny frog (14)]
  7064 | Lair:1   | HP: 1/151 [poisoned by a spiny frog]
  7066 | Lair:1   | Succumbed to a spiny frog's poison

Skill      XL: |  1  2  3  4  5  6  7  8  9 10 11 |
---------------+----------------------------------+-----
Fighting       | 4 5 6 7 9 10 | 10.5
Armour         | 3 4 5 6 7 9 10 | 10.6
Polearms       | 4 5 6 7 9 10 | 10.8
Dodging        | 3 4 5 6 8 9 |  9.4
Bows           | 2 3 |  3.3

Action                   |  1- 3 |  4- 6 |  7- 9 | 10-12 || total
-------------------------+-------+-------+-------+-------++-------
Melee: Spear             |    58 |       |       |       ||    58
       Headbutt          |    11 |     8 |    56 |    32 ||   107
       Trident           |    29 |    73 |   268 |   142 ||   512
 Fire: Shortbow          |       |       |       |    18 ||    18
Invok: Berserk           |     1 |       |     6 |     3 ||    10
       Burn Spellbooks   |       |       |     1 |     1 ||     2
  Use: Scroll            |       |       |       |    11 ||    11
  Eat: Chunk             |     1 |     3 |    17 |     8 ||    29
Armor: Animal skin       |     4 |       |       |       ||     4
       Chain mail        |    15 |    27 |    21 |     5 ||    68
       Ring mail         |       |       |    36 |    23 ||    59
Dodge: Dodged            |    23 |    23 |   121 |    98 ||   265
